[Event "Late-Titled-Tuesday-Blitz-April-02-2024"]
[Site "Chess.com"]
[Date "2024.04.02"]
[Round "4"]
[White "bescmelasti"]
[Black "Heliosis11"]
[Result "0-1"]
[WhiteElo "2614"]
[BlackElo "2409"]
[TimeControl "180+1"]
[EndTime "14:36:40 PDT"]
[Termination "Heliosis11 won by resignation"]

1. e4 c5 2. Nf3 e6 3. d4 cxd4 4. Nxd4 Nc6 5. Nc3 Qc7 6. Ncb5 Qb8 7. Bd3 a6 8. Nxc6 bxc6 9. Nc3 Nf6 10. O-O d5 11. Qe2 Bd6 12. f4 Bc5+ 13. Kh1 O-O 14.
e5 Nd7 15. Na4 Be7 16. b3 Nc5 17. Nxc5 Bxc5 18. Rf3 g6 19. Bb2 Be7 20. g4 c5 21.
f5 c4 22. f6 cxd3 23. Qe3 Re8 24. fxe7 Rxe7 25. Qh6 Bb7 26. Rh3 d4+ 27. Kg1 Qxe5 28. Qxh7+ Kf8 29. Qh8+ Qxh8 30. Rxh8+ Kg7 31. Bxd4+ e5 32.
Rxa8 Bxa8 33. Bc5 Rc7 34. Bd6 Rxc2 35. Bxe5+ f6 36. Bd4 Rg2+ 37. Kf1 d2 38. Be3 Rxh2 39.
Rd1 Rh1+ 40. Bg1 Bf3 41. Rxd2 Bxg4 42. Rd7+ Bxd7 43. Kg2 Bc6+ 44. Kf2 g5 0-1

[Event "Late-Titled-Tuesday-Blitz-April-02-2024"]
[Site "Chess.com"]
[Date "2024.04.02"]
[Round "4"]
[White "Alexei_Gubajdullin"]
[Black "FredddieCroderg"]
[Result "1-0"]
[WhiteElo "2624"]
[BlackElo "2395"]
[TimeControl "180+1"]
[EndTime "14:36:43 PDT"]
[Termination "Alexei_Gubajdullin won on time"]

1. Nf3 Nf6 2. g3 e6 3. Bg2 d5 4. O-O Be7 5. b3 O-O 6. Bb2 c5 7.
e3 Nc6 8. c4 d4 9. exd4 cxd4 10.
Re1 a5 11. Na3 Re8 12. Nb5 Bc5 13. Ne5 Nxe5 14. Rxe5 Nd7 15. Rxc5 Nxc5 16. Bxd4 Nd3 17. Be4 e5 18. Be3 f5 19. Bd5+ Kh8 20. Qh5 g6 21. Qh6 Ra6 22. Bg5 Qd7 23. Qh4 Qg7 24.
c5 Nxc5 25. Rc1 Nd3 26. Rc3 Bd7 27. Nc7 Rd6 28. Nxe8 Bxe8 29. Rc8 1-0

[Event "Late-Titled-Tuesday-Blitz-April-02-2024"]
[Site "Chess.com"]
[Date "2024.04.02"]
[Round "4"]
[White "WilsonPalencia21"]
[Black "MarcoRiehle"]
[Result "1-0"]
[WhiteElo "2586"]
[BlackElo "2781"]
[TimeControl "180+1"]
[EndTime "14:36:44 PDT"]
[Termination "WilsonPalencia21 won by resignation"]

1. d4 d5 2. c4 e6 3. Nf3 Nf6 4. Nc3 c5 5. cxd5 Nxd5 6. e4 Nxc3 7. bxc3 cxd4 8. cxd4 Bb4+ 9. Bd2 Bxd2+ 10. Qxd2 O-O 11. Bc4 Nc6 12. O-O b6 13. Rad1 Bb7 14. Rfe1 Rc8 15. h4 h6 16. Qf4 Nb4 17. Bb3 Qf6 18. Qg4 Rfd8 19. Rd2 a5 20. a3 Nc6 21. e5 Qe7 22. d5 exd5 23. Bxd5 Rc7 24. Bxc6 Rxc6 25. Red1 Rxd2 26.
Rxd2 Rg6 27. Qf5 Qxa3 28. Rd8+ Kh7 29. h5 Bxf3 30. hxg6+ fxg6 31. Qxf3 Qa1+ 32. Kh2 Qxe5+ 33. g3 a4 34. Qf8 g5 35. Qg8+ Kg6 36. Qe8+ Kf5 37.
Qxe5+ Kxe5 38. Ra8 b5 39. Ra5 Kd4 40. Rxb5 Kc3 41. Kh3 a3 42. Kg4 a2 43. Ra5 Kb2 44. Kh5 a1=Q 45. Rxa1 Kxa1 46. Kg6 Kb2 47. g4 Kc3 48. Kxg7 Kd4 49. Kxh6 Ke5 50. Kxg5 Ke6 51. Kg6 Ke7 52. Kg7 1-0

[Event "Late-Titled-Tuesday-Blitz-April-02-2024"]
[Site "Chess.com"]
[Date "2024.04.02"]
[Round "4"]
[White "DrVelja"]
[Black "Bykov_Egor"]
[Result "1-0"]
[WhiteElo "3018"]
[BlackElo "2614"]
[TimeControl "180+1"]
[EndTime "14:36:48 PDT"]
[Termination "DrVelja won by resignation"]

1. e4 c5 2. Nf3 e6 3. d4 cxd4 4. Nxd4 Nf6 5. Nc3 Nc6 6. a3 d5 7. exd5 Nxd5 8. Nxc6 bxc6 9. Qf3 Be7 10. Bd3 O-O 11. Bd2 Rb8 12. Nxd5 exd5 13. Bc3 Bf6 14.
Bxf6 Re8+ 15. Kd2 Qxf6 16. Qxf6 gxf6 17. Rhe1 Bd7 18. b4 Re5 19. f4 Ree8 20. Kc3 Kg7 21.
Kd4 f5 22. Kc5 Kf6 23. Rxe8 Rxe8 24. Kd6 Be6 25. Kxc6 h5 26. a4 h4 27. b5 Rg8 28. a5 Rxg2 29. b6 axb6 30. axb6 Bc8 31. Ra8 Rg8 32. Kc7 1-0

[Event "Late-Titled-Tuesday-Blitz-April-02-2024"]
[Site "Chess.com"]
[Date "2024.04.02"]
[Round "4"]
[White "Mysterio47"]
[Black "1g60-1"]
[Result "1-0"]
[WhiteElo "2757"]
[BlackElo "2400"]
[TimeControl "180+1"]
[EndTime "14:36:48 PDT"]
[Termination "Mysterio47 won on time"]

1. e4 e6 2. d4 d5 3. Nc3 Bb4 4. exd5 exd5 5. Bd3 Ne7 6. Nf3 Nbc6 7. O-O Bg4 8. Be3 Nf5 9. h3 Nxe3 10. fxe3 Bh5 11.
Ne2 Qe7 12. Qc1 Bd6 13. Nf4 Bxf4 14. exf4 Bxf3 15. Rxf3 O-O-O 16. c3 Kb8 17. f5 Qf6 18. Qd2 h5 19. Re1 Rde8 20. Rfe3 Rxe3 21. Qxe3 a6 22.
b4 g5 23. fxg6 fxg6 24. Rf1 Qg7 25. Qe6 Nxd4 26. Qxd5 Nc6 27. Qc5 Ne5 28. Be4 Rd8 29. b5 axb5 30. Qxb5 c6 31. Qc5 Qc7 32. Rb1 Qd6 33.
Qb6 Rd7 34. Rf1 g5 35. Qf2 Rd8 36. a4 g4 37. h4 Rg8 38. Qg3 1-0

[Event "Late-Titled-Tuesday-Blitz-April-02-2024"]
[Site "Chess.com"]
[Date "2024.04.02"]
[Round "4"]
[White "GlavkonVVS"]
[Black "MusicCityMaster"]
[Result "1-0"]
[WhiteElo "2614"]
[BlackElo "2432"]
[TimeControl "180+1"]
[EndTime "14:36:49 PDT"]
[Termination "GlavkonVVS won by resignation"]

1. c4 e5 2. Nc3 Nc6 3. g3 f5 4. Bg2 Nf6 5. d3 Bb4 6. Bd2 O-O 7. a3 Bxc3 8. Bxc3 d6 9. Nf3 f4 10. gxf4 exf4 11. Rg1 Bf5 12. Qd2 Nh5 13. Nd4 Nxd4 14.
Bxd4 c6 15. Bf3 Nf6 16. Qxf4 Bg6 17. Qh4 Qe7 18. O-O-O Rac8 19. Qg5 b5 20. c5 a5 21. h4 Qf7 22. h5 dxc5 23. hxg6 hxg6 24. Bxf6 Qxf6 25.
Qxg6 b4 26. Qxf6 Rxf6 27. a4 b3 28. Rg5 Rf4 29. Rxc5 Rxa4 30. Kd2 Ra2 31. Rb1 a4 32. Kc3 Rb8 33. Bxc6 Kf8 34. Bd5 Ke7 35. Bc4 Kd6 36.
Rd5+ Kc6 37. Rg1 a3 38. Rg6+ Kc7 39. Rxg7+ Kc6 40. Rg6+ Kc7 41. Rh5 Rf8 42. Rh7+ Kb8 43. Rb6+ Kc8 44. Rxb3 axb2 45. Rxb2 1-0

[Event "Late-Titled-Tuesday-Blitz-April-02-2024"]
[Site "Chess.com"]
[Date "2024.04.02"]
[Round "4"]
[White "Stalri"]
[Black "ChessSwole"]
[Result "0-1"]
[WhiteElo "2555"]
[BlackElo "2701"]
[TimeControl "180+1"]
[EndTime "14:36:51 PDT"]
[Termination "ChessSwole won by checkmate"]

1. Nf3 d5 2. g3 Bg4 3. Bg2 Nd7 4.
d4 e6 5. O-O Ngf6 6. c4 c6 7.
cxd5 exd5 8. h3 Bxf3 9. Bxf3 Bd6 10. Nc3 O-O 11. Rb1 a5 12. Qd3 Re8 13. a3 h6 14.
Kg2 Qe7 15. e3 Ne4 16. Bxe4 dxe4 17. Qc2 h5 18. h4 Nf6 19. Bd2 Qe6 20. b4 axb4 21. axb4 b5 22. Ra1 Qc4 23. Rxa8 Rxa8 24. Rc1 Bxb4 25. Nxe4 Qd5 26. f3 Ra2 27. Nxf6+ gxf6 28.
Qxc6 Rxd2+ 29. Kh3 Qf5+ 30. g4 hxg4+ 31. fxg4 Qf2 32. g5 f5 33. Qe8+ Bf8 34. Qe5 Qg2# 0-1

[Event "Late-Titled-Tuesday-Blitz-April-02-2024"]
[Site "Chess.com"]
[Date "2024.04.02"]
[Round "4"]
[White "AktilekAskarovich"]
[Black "ArmanGhevondyanchess"]
[Result "1/2-1/2"]
[WhiteElo "2431"]
[BlackElo "2599"]
[TimeControl "180+1"]
[EndTime "14:36:51 PDT"]
[Termination "Game drawn by repetition"]

1. d4 Nf6 2. c4 g6 3. Nf3 Bg7 4.
e3 O-O 5. Be2 d5 6. O-O c5 7. dxc5 dxc4 8. Na3 Qa5 9. Nxc4 Qxc5 10.
a3 Nc6 11. b4 Qf5 12. Bb2 Rd8 13. Qb1 Qxb1 14. Raxb1 Bf5 15. Rbc1 a6 16. Rfd1 Ne4 17. Bxg7 Kxg7 18. Nb6 Rab8 19. h3 Rxd1+ 20. Bxd1 Rd8 21. Bc2 Nd2 22. Bxf5 Nxf3+ 23. gxf3 gxf5 24. Rc3 Kf6 25.
Na4 Ne5 26. f4 Nf3+ 27. Kg2 Nd2 28. Nc5 Rg8+ 29. Kh1 Nf3 30. Rc1 b6 31. Nxa6 Ra8 32.
b5 e6 33. Kg2 Nd2 34. f3 Nb3 35. Rc3 Nc5 36. Nxc5 bxc5 37. Rb3 c4 38. Rb4 c3 39.
b6 c2 40. Rc4 Rxa3 41. Rxc2 Rb3 42. Rc6 Rxe3 43. Kg3 Rb3 44. h4 Rb2 45. Kh3 h5 46. Kg3 Rb4 47. Rd6 Ke7 48. Rc6 Kf6 49. Rd6 Rb3 50. Rc6 Ke7 51. Rc7+ Kf6 52. b7 Rb2 53. Rd7 Kg6 54. Rc7 f6 55. Re7 Rb6 56. Rc7 Rb2 57. Re7 Rb6 58. Rd7 Rb2 59. Rc7 Kh6 60. Re7 Kg6 61. Rc7 Kh6 62. Rd7 Kg6 63.
Re7 1/2-1/2

[Event "Late-Titled-Tuesday-Blitz-April-02-2024"]
[Site "Chess.com"]
[Date "2024.04.02"]
[Round "4"]
[White "Mikhail_Golubev"]
[Black "rasmussvane"]
[Result "1-0"]
[WhiteElo "2617"]
[BlackElo "2888"]
[TimeControl "180+1"]
[EndTime "14:36:55 PDT"]
[Termination "Mikhail_Golubev won by resignation"]

1. e4 c5 2. Nf3 a6 3. Nc3 b5 4.
d4 cxd4 5. Nxd4 Bb7 6. Bd3 e6 7. O-O Nc6 8. Nxc6 Bxc6 9. Re1 Qc7 10. a4 b4 11. Nd5 Bxd5 12. exd5 Bd6 13. Qg4 Kf8 14. dxe6 dxe6 15. Qf3 Re8 16. Bxa6 Nf6 17. Bb5 Rb8 18. Bg5 Bxh2+ 19. Kh1 Be5 20. Rad1 Nd5 21. Rxd5 exd5 22. Qxd5 Bf6 23. Qe4 Qd8 24. Bf4 Rc8 25.
Bc7 Qe7 26. Bd6 Re8 27. Bxe7+ Rxe7 28. Qa8+ 1-0

[Event "Late-Titled-Tuesday-Blitz-April-02-2024"]
[Site "Chess.com"]
[Date "2024.04.02"]
[Round "4"]
[White "FREZZY23"]
[Black "ChessBrainiacOnTwitch"]
[Result "1-0"]
[WhiteElo "2422"]
[BlackElo "2815"]
[TimeControl "180+1"]
[EndTime "14:36:55 PDT"]
[Termination "FREZZY23 won by checkmate"]

1. Nf3 Nf6 2. g3 g6 3. Bg2 Bg7 4. O-O O-O 5. d4 d6 6. c4 Nbd7 7. Nc3 e5 8. h3 Re8 9. e4 c6 10. Be3 a5 11. Qc2 exd4 12. Nxd4 Nc5 13. Rfd1 Qe7 14.
Re1 Nfxe4 15. Nxe4 Nxe4 16. Bf4 d5 17. cxd5 cxd5 18. Nb5 Bf5 19. Nc7 Rac8 20. Qa4 Red8 21. Rad1 Rxc7 22. Bxc7 Qxc7 23. Rc1 Qb6 24. Re2 Bd4 25.
Rcc2 Nxg3 26. Re8+ Rxe8 27. Qxe8+ Kg7 28. Bxd5 Bxc2 29.
Qxf7+ Kh6 30. Qf8+ Kg5 31. h4+ Kg4 32. Bf3+ Kh3 33.
Bg2+ Kxh4 34. Qf4+ Kh5 35. Bf3# 1-0

[Event "Late-Titled-Tuesday-Blitz-April-02-2024"]
[Site "Chess.com"]
[Date "2024.04.02"]
[Round "4"]
[White "TedBelanoff"]
[Black "maurovargas01"]
[Result "0-1"]
[WhiteElo "2220"]
[BlackElo "1877"]
[TimeControl "180+1"]
[EndTime "14:36:55 PDT"]
[Termination "maurovargas01 won by checkmate"]

1. b4 e5 2. Bb2 d6 3. d4 e4 4.
c4 f5 5. e3 Nf6 6. a3 g6 7. Ne2 Bg7 8. g3 O-O 9. Bg2 Qe8 10. O-O g5 11. Nd2 Qh5 12. Nc3 g4 13. Ne2 Nc6 14. Nf4 Qh6 15. d5 Ne7 16. Nb3 Ng6 17.
Nd4 Ne5 18. Nde6 Nf3+ 19. Bxf3 gxf3 20. Nxf8 Bxf8 21. Bxf6 Qxf6 22. Qd4 Qh6 23. Rac1 Bg7 24. Qd1 Be5 25. h4 Bd7 26. Kh2 Kh8 27. Rh1 Rg8 28. Qd2 Rg4 29. Kg1 Qg7 30. Kf1 Ba4 31. c5 Bb5+ 32. Ke1 Bxf4 33. exf4 Kg8 34. cxd6 cxd6 35.
Rc8+ Be8 36. Rxe8+ Kf7 37. Rc8 Qa1+ 38. Rc1 Qxa3 39.
Qc3 Qa2 40. Qc7+ Kg6 41. Qxd6+ Kh5 42. Qe5 Qe2# 0-1

[Event "Late-Titled-Tuesday-Blitz-April-02-2024"]
[Site "Chess.com"]
[Date "2024.04.02"]
[Round "4"]
[White "shimastream"]
[Black "FrankDux44"]
[Result "1-0"]
[WhiteElo "3011"]
[BlackElo "2704"]
[TimeControl "180+1"]
[EndTime "14:36:57 PDT"]
[Termination "shimastream won on time"]

1. Nf3 d5 2. g3 c6 3. Bg2 Bg4 4. h3 Bh5 5. c4 e6 6. cxd5 Bxf3 7. Bxf3 cxd5 8. d4 Nc6 9. O-O Nf6 10. Nc3 Be7 11.
e3 O-O 12. Bd2 a6 13. Qe2 Rc8 14. Rac1 Nd7 15. Rfd1 Qc7 16. Be1 Qb8 17. e4 dxe4 18.
Bxe4 Nf6 19. d5 exd5 20. Nxd5 Nxd5 21. Bxd5 Bf6 22. b3 Nd4 23. Qg4 Rxc1 24. Rxc1 Qe5 25. Bc4 h5 26. Qd7 h4 27. Bb4 hxg3 28. Bxf8 gxf2+ 29. Kf1 Qh5 30. Bxf7+ Qxf7 31. Qxf7+ Kxf7 32. Bc5 Nf5 33. Bxf2 b5 34. Rc6 a5 35. Rc5 Nd4 36.
Bxd4 1-0

[Event "Late-Titled-Tuesday-Blitz-April-02-2024"]
[Site "Chess.com"]
[Date "2024.04.02"]
[Round "4"]
[White "gorgeous1083"]
[Black "OriTaichman"]
[Result "0-1"]
[WhiteElo "2249"]
[BlackElo "2563"]
[TimeControl "180+1"]
[EndTime "14:37:02 PDT"]
[Termination "OriTaichman won by resignation"]

1. d4 Nf6 2. c4 g6 3. Nc3 Bg7 4.
e4 O-O 5. Nf3 d6 6. Be2 e5 7.
Be3 Ng4 8. Bg5 f6 9. Bh4 Nc6 10. d5 Ne7 11. h3 Nh6 12. O-O c5 13. dxc6 bxc6 14. b4 Be6 15. Qc2 d5 16. cxd5 cxd5 17. exd5 Nxd5 18. Nxd5 Qxd5 19. Rfd1 Qb7 20. Bc4 Bf7 21.
a4 Nf5 22. b5 Rac8 23. Bxf7+ Rxf7 24. Qb3 e4 25. g4 Nxh4 26. Nxh4 f5 27. gxf5 Bxa1 28.
fxg6 hxg6 29. Rxa1 Qb6 30. a5 Qxf2+ 31. Kh1 Qxh4 32.
Rf1 Qe7 33. b6 axb6 34. axb6 e3 35. Re1 Qe4+ 36. Kh2 Rc2+ 0-1

[Event "Late-Titled-Tuesday-Blitz-April-02-2024"]
[Site "Chess.com"]
[Date "2024.04.02"]
[Round "4"]
[White "carlsenCamacho"]
[Black "rdarruda"]
[Result "0-1"]
[WhiteElo "2294"]
[BlackElo "2496"]
[TimeControl "180+1"]
[EndTime "14:37:02 PDT"]
[Termination "rdarruda won on time"]

1. e4 c5 2. Nf3 Nc6 3. d3 Nf6 4. g3 e6 5. Bg2 d5 6. Nbd2 Be7 7.
O-O O-O 8. Re1 dxe4 9. dxe4 b6 10. c3 Bb7 11. Qe2 Qd7 12. a4 Rfd8 13. Nc4 Qd3 14. Bg5 Qxe2 15. Rxe2 Ba6 16. b3 Na5 17.
Nfd2 Nxb3 18. Nxb3 Bxc4 19. Rb2 Rac8 20. e5 Bxb3 21.
exf6 gxf6 22. Rxb3 fxg5 23. a5 c4 24. Rb5 Bc5 25.
axb6 axb6 26. Rb2 Rd3 27. Bf1 Rxc3 28. Ra4 Rc1 29. Kg2 c3 30. Re2 b5 31. Rg4 b4 32. Rc4 b3 33. Re5 b2 34. Bd3 Rd1 35. Be4 Rd4 36. Rxg5+ Kf8 37. Rxd4 Bxd4 38. Bc2 Rb8 39.
Bb1 Ra8 40. Rg4 Ra1 41. Bd3 e5 0-1

[Event "Late-Titled-Tuesday-Blitz-April-02-2024"]
[Site "Chess.com"]
[Date "2024.04.02"]
[Round "4"]
[White "Hikaru"]
[Black "Durarbayli"]
[Result "1-0"]
[WhiteElo "3267"]
[BlackElo "2923"]
[TimeControl "180+1"]
[EndTime "14:37:04 PDT"]
[Termination "Hikaru won by resignation"]

1. d4 Nf6 2. Bg5 e6 3. e4 h6 4. Bxf6 Qxf6 5. Nc3 b6 6. e5 Qd8 7. Bd3 Bb7 8. Be4 Bxe4 9. Nxe4 Nc6 10. Nf3 d5 11. Ng3 Na5 12. c3 c5 13. dxc5 bxc5 14.
Qa4+ Ke7 15. b3 Qb6 16. O-O Nc6 17. Nh5 g6 18. Qh4+ g5 19. Qa4 Rg8 20. Rad1 Rd8 21. h4 Rg6 22. hxg5 hxg5 23. g4 Bg7 24. Rfe1 Bh8 25.
Kg2 Kd7 26. b4 cxb4 27. c4 Ke7 28. cxd5 exd5 29. Ng3 Kf8 30. Nf5 Ne7 31. Rh1 Bg7 32.
Nxe7 Kxe7 33. Nd4 Kf8 34. Nf5 Bxe5 35. Rde1 Bc3 36. Re3 d4 37. Rh8+ Rg8 38. Re8+ Rxe8 39. Rxg8+ Kxg8 40. Qxe8+ 1-0

[Event "Late-Titled-Tuesday-Blitz-April-02-2024"]
[Site "Chess.com"]
[Date "2024.04.02"]
[Round "4"]
[White "PawnEatingZombie"]
[Black "Der_Balak_3Halak"]
[Result "0-1"]
[WhiteElo "2174"]
[BlackElo "2436"]
[TimeControl "180+1"]
[EndTime "14:37:04 PDT"]
[Termination "Der_Balak_3Halak won on time"]

1. e4 g6 2. d4 Bg7 3. Nc3 d6 4. Be3 Nd7 5. h4 c5 6. Nf3 cxd4 7. Nxd4 Ngf6 8. Be2 a6 9. h5 b5 10. a3 Bb7 11. hxg6 hxg6 12. Rxh8+ Bxh8 13. f3 Qc7 14. Qd2 Ne5 15. O-O-O Nc4 16. Bxc4 Qxc4 17. g4 O-O-O 18. g5 Nd7 19. f4 Qc7 20. Ndxb5 axb5 21. Nxb5 Qc4 22. Qa5 Nb8 23. e5 Be4 24. c3 Kd7 25. b3 Qe2 26. Qc7+ Ke8 27. Rd2 Qf1+ 28. Rd1 Qxb5 0-1

[Event "Late-Titled-Tuesday-Blitz-April-02-2024"]
[Site "Chess.com"]
[Date "2024.04.02"]
[Round "4"]
[White "Manukyan_Artak"]
[Black "WCM-Mexicana"]
[Result "0-1"]
[WhiteElo "2526"]
[BlackElo "2402"]
[TimeControl "180+1"]
[EndTime "14:37:05 PDT"]
[Termination "WCM-Mexicana won by checkmate"]

1. e4 c6 2. d4 d5 3. e5 Bf5 4. c4 e6 5. Nc3 Ne7 6. Nf3 Nd7 7. Nh4 a6 8. g4 Bg6 9. f4 dxc4 10.
Bxc4 Nd5 11. Nxg6 hxg6 12. g5 Bb4 13. Bd2 Be7 14. Bxd5 cxd5 15. Qf3 Qb6 16. O-O-O Qxd4 17. Kb1 Rc8 18. Be3 Qb4 19. a3 Qb3 20. Bc1 Bxa3 21.
Rd3 Be7 22. h4 a5 23. Rh2 Qc4 24. h5 gxh5 25. Rxh5 Rxh5 26. Qxh5 Qxd3+ 27. Ka2 Qc2 28. Qh1 Rxc3 29. f5 Qxc1 30. Qh8+ Nf8 31. bxc3 Qc2+ 32. Ka1 Ba3 33. Qh2 Qxh2 34. g6 Qb2# 0-1

[Event "Late-Titled-Tuesday-Blitz-April-02-2024"]
[Site "Chess.com"]
[Date "2024.04.02"]
[Round "4"]
[White "norwaytoadog"]
[Black "HipsterChess22"]
[Result "0-1"]
[WhiteElo "2338"]
[BlackElo "2194"]
[TimeControl "180+1"]
[EndTime "14:37:05 PDT"]
[Termination "HipsterChess22 won on time"]

1. e4 c6 2. d4 d5 3. e5 c5 4. c3 Nc6 5. Be2 cxd4 6. cxd4 Bf5 7. Nf3 e6 8. O-O Nge7 9. Nc3 Bg4 10. Ne1 Bxe2 11.
Nxe2 Nf5 12. g4 Nfe7 13. f4 h5 14. f5 hxg4 15. fxe6 fxe6 16. Nf4 Qd7 17. Qxg4 Nxd4 18. Ng6 Nxg6 19. Qxg6+ Kd8 20. Rf7 Qe8 21. Bg5+ Kc8 22.
Rc1+ Nc6 23. Nd3 Kb8 24. h4 a6 25. h5 Ka7 26. Be3+ d4 27. Bf2 Rh6 28. Rxb7+ Kxb7 29. Qe4 Rc8 30. b4 Qxh5 31. Kf1 Qh1+ 32. Qxh1 Rxh1+ 33. Ke2 Rxc1 34. Nxc1 Nxe5 0-1

[Event "Late-Titled-Tuesday-Blitz-April-02-2024"]
[Site "Chess.com"]
[Date "2024.04.02"]
[Round "4"]
[White "dosto07"]
[Black "manitodeplomo"]
[Result "0-1"]
[WhiteElo "2471"]
[BlackElo "2636"]
[TimeControl "180+1"]
[EndTime "14:37:06 PDT"]
[Termination "manitodeplomo won by resignation"]

1. e4 c5 2. Nf3 e6 3. c3 d5 4. exd5 Qxd5 5. d4 Nf6 6. Na3 Bd7 7. Bc4 Qd6 8. O-O a6 9. g3 b5 10. Bf4 Qb6 11. Be2 Nc6 12. Nc2 Nd5 13. Bc1 Rd8 14.
Ne3 Nf6 15. a4 Be7 16. axb5 axb5 17. d5 exd5 18. Nxd5 Nxd5 19. Qxd5 Bh3 20. Qh5 Bxf1 21. Kxf1 O-O 22. Be3 g6 23. Qh6 Rfe8 24. Ng5 Bxg5 25. Bxg5 Rd6 26. Bf3 Ne5 27. Re1 c4 28. Kg2 Rde6 29.
Bd5 Ng4 30. Rxe6 fxe6 31. Qh4 Qxf2+ 32. Kh3 Qxh2+ 33. Kxg4 Qxh4+ 34. gxh4 exd5 35. Bf6 Re2 36. Bd4 Rxb2 37. Kf4 Re2 0-1

[Event "Late-Titled-Tuesday-Blitz-April-02-2024"]
[Site "Chess.com"]
[Date "2024.04.02"]
[Round "4"]
[White "bascheyaro"]
[Black "mishanick"]
[Result "0-1"]
[WhiteElo "2823"]
[BlackElo "3034"]
[TimeControl "180+1"]
[EndTime "14:37:07 PDT"]
[Termination "mishanick won by resignation"]

1. d4 Nf6 2. Nf3 e6 3. Bf4 d5 4. e3 Bd6 5. Bg3 O-O 6. c4 c5 7. dxc5 Bxc5 8. a3 Nc6 9. Nc3 a6 10. b4 Ba7 11. c5 Re8 12. Be2 e5 13. O-O h6 14. Qc2 Qe7 15. Rad1 Rd8 16. Na4 Bg4 17. h3 Bh5 18. Qb2 Re8 19. Rc1 Rad8 20. Rfd1 d4 21. exd4 exd4 22. Bc4 Bxf3 23. gxf3 Bb8 24. f4 Nh5 25. Nb6 Bxf4 26. Nd5 Rxd5 27. Bxd5 Nxg3 28. Re1 Ne2+ 29. Rxe2 Qxe2 30. Qxe2 Rxe2 31. Rd1 Rd2 32. Re1 Kf8 33. Re4 Bg5 34. h4 Bf6 35. Rf4 d3 36. Kg2 Rd1 37. Rf3 d2 38. Rd3 Ne5 39. Rd4 Ng6 40.
Bf3 Bxd4 41. Bxd1 Bb2 42. a4 Ba3 43. b5 Bxc5 44. bxa6 bxa6 0-1

[Event "Late-Titled-Tuesday-Blitz-April-02-2024"]
[Site "Chess.com"]
[Date "2024.04.02"]
[Round "4"]
[White "KnightDuta"]
[Black "VD_coach"]
[Result "0-1"]
[WhiteElo "2757"]
[BlackElo "2593"]
[TimeControl "180+1"]
[EndTime "14:37:08 PDT"]
[Termination "VD_coach won on time"]

1. e4 c5 2. Nf3 d6 3. d4 cxd4 4. Nxd4 Nf6 5. Nc3 g6 6. Be3 Bg7 7. f3 O-O 8. Qd2 Nc6 9. g4 Be6 10. Nxe6 fxe6 11. Be2 Rc8 12. h4 Ne5 13. h5 Rxc3 14.
bxc3 Qa5 15. hxg6 hxg6 16. Bd4 Nc6 17. g5 Nh5 18. Bxg7 Kxg7 19. Rxh5 gxh5 20. Rb1 Qe5 21. Rxb7 Qg3+ 22. Kd1 Qg1+ 23. Qe1 Qxg5 24. Rc7 Rb8 25.
Bb5 Rxb5 26. Ke2 Ne5 0-1

[Event "Late-Titled-Tuesday-Blitz-April-02-2024"]
[Site "Chess.com"]
[Date "2024.04.02"]
[Round "4"]
[White "kikoveiga"]
[Black "NitaLucian"]
[Result "0-1"]
[WhiteElo "2491"]
[BlackElo "2351"]
[TimeControl "180+1"]
[EndTime "14:37:08 PDT"]
[Termination "NitaLucian won by checkmate"]

1. e4 d6 2. d4 Nf6 3. Nc3 e5 4. Nf3 Nbd7 5. Bc4 Be7 6. O-O O-O 7. Re1 c6 8. a4 a5 9. h3 Nb6 10. Bb3 Nfd7 11. Ne2 exd4 12. Nexd4 Nc5 13. c3 Nxb3 14.
Qxb3 d5 15. Nf5 Bxf5 16. exf5 Bf6 17. Be3 Nc4 18. Bd4 Nd6 19. Qc2 Bxd4 20. Nxd4 Qg5 21. Re3 Rfe8 22. Rae1 Rxe3 23. Rxe3 Re8 24. Rxe8+ Nxe8 25. Qe2 Qd8 26. Qe5 Kf8 27. Nb3 b6 28. Nd4 c5 29. Nb5 Qd7 30. Kf1 f6 31. Qb8 Qxf5 32. Qxb6 Qb1+ 33. Ke2 Qc2+ 34. Kf3 Qe4+ 35. Kg3 Qe5+ 36.
Kf3 Qe4+ 37. Kg3 Qe5+ 38. Kf3 c4 39. Qc5+ Kf7 40. g3 Qe4# 0-1

[Event "Late-Titled-Tuesday-Blitz-April-02-2024"]
[Site "Chess.com"]
[Date "2024.04.02"]
[Round "4"]
[White "OlaaLa"]
[Black "Lady_Nika"]
[Result "0-1"]
[WhiteElo "2364"]
[BlackElo "2551"]
[TimeControl "180+1"]
[EndTime "14:37:09 PDT"]
[Termination "Lady_Nika won by resignation"]

1. d4 d5 2. g3 Nf6 3. Bg2 g6 4. c3 Bg7 5. Nd2 O-O 6. Ngf3 c6 7. O-O Nbd7 8. Re1 Ne4 9. Nxe4 dxe4 10. Ng5 f5 11.
Ne6 Qa5 12. Nxf8 Nxf8 13. f3 e5 14. fxe4 exd4 15. cxd4 Bxd4+ 16. e3 Bb6 17. Rf1 Qe5 18. Kh1 fxe4 19. Bd2 Bf5 20. Bc3 Qe7 21. Qb3+ Qe6 22. Qxe6+ Nxe6 23. h3 h5 24. Rad1 Ng5 25. h4 Nf3 26.
Bxf3 exf3 27. Bd4 Bc7 28. Kh2 Re8 29. a4 Re4 30. Bf6 Rxe3 31. Rf2 Re4 32. Rdd2 Bg4 33. Bg5 Bb6 34. Rf1 Re2+ 35. Rxe2 fxe2 36. Re1 Ba5 37. Rxe2 Bxe2 38. Be3 Bb6 39. Bf4 Kf7 40. Kg2 Bg4 41.
Kf1 Ke6 0-1

[Event "Late-Titled-Tuesday-Blitz-April-02-2024"]
[Site "Chess.com"]
[Date "2024.04.02"]
[Round "4"]
[White "BardArtem"]
[Black "Jospem"]
[Result "0-1"]
[WhiteElo "2846"]
[BlackElo "3043"]
[TimeControl "180+1"]
[EndTime "14:37:10 PDT"]
[Termination "Jospem won on time"]

1. e4 c5 2. Nf3 d6 3. Nc3 a6 4.
g3 e6 5. Bg2 Nc6 6. O-O Bd7 7. d4 cxd4 8. Nxd4 Nf6 9. Be3 Rc8 10.
Nxc6 Bxc6 11. Re1 Be7 12. h3 O-O 13. Qd2 b5 14. a3 Nd7 15. Rad1 Qc7 16. f4 Nb6 17.
Bf1 Rfd8 18. Kh2 Bf8 19. Qf2 Rb8 20. Bd4 Nc4 21. Bxc4 bxc4 22. Rb1 Rb7 23. f5 Re8 24. f6 g6 25. Be3 Qa5 26. Qd2 Qe5 27. Rf1 Qh5 28.
g4 Qe5+ 29. Bf4 Qxf6 30. Bxd6 Qd8 31. e5 Rd7 32. Rbd1 Bxd6 33. exd6 Qb8 34. Qd4 Red8 35. Qxc4 Rxd6 36. Qf4 Rd2+ 37. Rxd2 Rxd2+ 38. Kg3 Rg2+ 39. Kh4 Qxf4 40. Rxf4 h6 41. Rb4 Kg7 42. Rb6 Be8 43. Rb8 g5+ 44. Kh5 Rg3 0-1

[Event "Late-Titled-Tuesday-Blitz-April-02-2024"]
[Site "Chess.com"]
[Date "2024.04.02"]
[Round "4"]
[White "PotapovaM"]
[Black "AlexandreHouhou"]
[Result "1-0"]
[WhiteElo "2543"]
[BlackElo "2360"]
[TimeControl "180+1"]
[EndTime "14:37:10 PDT"]
[Termination "PotapovaM won by resignation"]

1. e4 e6 2. d4 d5 3. Nc3 Nf6 4. Bg5 Bb4 5. e5 h6 6. Bd2 Bxc3 7. bxc3 Ne4 8. Bd3 Nxd2 9. Qxd2 c5 10. Nf3 Nc6 11.
O-O O-O 12. a4 Qa5 13. Qe3 c4 14. Be2 Ne7 15. Nh4 Nf5 16. Nxf5 exf5 17. Rfb1 a6 18. Bf3 Rd8 19. g3 Qc7 20. a5 Be6 21. Rb6 Rab8 22.
Rab1 Qd7 23. R1b4 Rdc8 24. Rd6 Qe8 25. Bxd5 Bxd5 26. Rxd5 Qe6 27. Rd6 Qe7 28. Qf3 g6 29. Qd5 Rd8 30. Rbb6 Rxd6 31. Rxd6 Qg5 32. e6 Rf8 33.
Qe5 Qc1+ 34. Kg2 Qxc2 35. e7 Re8 36. Rd8 Qa4 37. Qb8 Qc6+ 38. d5 Qxd5+ 39. Rxd5 Rxb8 40.
Rd8+ 1-0

[Event "Late-Titled-Tuesday-Blitz-April-02-2024"]
[Site "Chess.com"]
[Date "2024.04.02"]
[Round "4"]
[White "ImportedItalianMaple"]
[Black "LuisFSiles"]
[Result "1-0"]
[WhiteElo "2530"]
[BlackElo "2344"]
[TimeControl "180+1"]
[EndTime "14:37:10 PDT"]
[Termination "ImportedItalianMaple won by resignation"]

1. e4 c5 2. Nf3 Nc6 3. Bb5 g6 4. O-O Bg7 5. c3 Nf6 6. Re1 O-O 7. d4 d5 8. e5 Ne4 9. Bxc6 bxc6 10. Be3 Qb6 11. Qc1 c4 12. Nbd2 Nxd2 13. Nxd2 Bf5 14. b3 Bd3 15. Qd1 a5 16. bxc4 dxc4 17. Nb3 cxb3 18. Qxd3 bxa2 19. Rxa2 Qb5 20. c4 Qa6 21. Rea1 c5 22. Qc3 cxd4 23. Bxd4 a4 24. h4 Rfc8 25. c5 e6 26. h5 Qb5 27. Rb2 Qc6 28.
hxg6 hxg6 29. Rb6 Qe4 30. c6 a3 31. c7 a2 32. Rb2 Qd5 33. f4 Qd7 34. Bb6 Ra6 35. Raxa2 Qd1+ 36. Kf2 Rxa2 37. Rxa2 Qd5 38. Rd2 Qb5 39. Rd8+ 1-0